 Dungeon Crawl Stone Soup version 0.16-a0-327-gbff0e38 (webtiles) character file.

26 Ratboiler the Sneak (level 3, -3/21 HPs)
             Began as an Octopode Fire Elementalist on Sept 5, 2014.
             Slain by a kobold
             ... wielding a +0 dagger
              (6 damage)
             ... on Level 1 of the Dungeon.
             The game lasted 00:04:17 (869 turns).

Ratboiler the Sneak (Octopode Fire Elementalist)     Turns: 869, Time: 00:04:17

HP  -3/21        AC  1     Str  7      XL: 3   Next:  8%
MP   6/6         EV  9     Int 18      God:
Gold 29          SH  7     Dex 12      Spells:  2 memorised,  3 levels left

rFire  . . .     SeeInvis .     (no weapon)
rCold  . . .     Clarity  .     h - +1 shield
rNeg   . . .     rCorr    .     (helmet restricted)
rPois  .         rRot     .     i - cursed amulet of inaccuracy
rElec  .         Spirit   .     (no ring)
SustAb .         Warding  .     (no ring)
rMut   .         Stasis   .     (no ring)
Gourm  .                        (no ring)
MR     .....                    (no ring)
                                (no ring)
                                (no ring)
                                (no ring)

@: not resistant to hostile enchantments, fairly stealthy
A: almost no armour, amphibious, 8 rings, constrict 8, camouflage 1, gelatinous
body 1
a: no special abilities


You were on level 1 of the Dungeon.
You were not hungry.

You visited 1 branch of the dungeon, and saw 1 of its levels.

You collected 29 gold pieces.

Inventory:

Armour
 h - a +1 shield (worn)
Comestibles
 c - 2 bread rations
 f - a chunk of giant newt flesh
 g - a meat ration
Scrolls
 j - a scroll of blinking {unknown}
Jewellery
 i - a cursed amulet of inaccuracy (around mantle)
Potions
 a - 2 potions of cure mutation
 d - a potion of heal wounds {unknown}
 e - a potion of restore abilities {unknown}
Books
 b - a book of Flames

   Spells                             Type                      Level
   *Flame Tongue                      Conjuration/Fire             1
   *Throw Flame                       Conjuration/Fire             2
   Conjure Flame                      Conjuration/Fire             3
   Inner Flame                        Hexes/Fire                   3
   Sticky Flame                       Conjuration/Fire             4
   Fireball                           Conjuration/Fire             5


   Skills:
 - Level 2.0 Dodging
 - Level 3.5 Stealth
 - Level 2.0 Spellcasting
 + Level 1.7 Conjurations
 + Level 3.4 Fire Magic


You had 3 spell levels left.
You knew the following spells:

 Your Spells              Type           Power        Failure   Level  Hunger
a - Flame Tongue          Conj/Fire      ##...        41%         1    #......
b - Throw Flame           Conj/Fire      ##....       67%         2    ##.....


Dungeon Overview and Level Annotations

Branches:
Dungeon (1/15)

Altars:


Innate Abilities, Weirdness & Mutations

You cannot wear most types of armour.
You are amphibious.
You can wear up to eight rings at the same time.
You can use your tentacles to constrict many enemies at once.
Your skin changes colour to match your surroundings (Stealth).
Your rubbery body absorbs attacks (AC +1).


Message History

Casting: Flame Tongue
Confirm with . or Enter, or press ? or * to list all spells.
Aiming: Flame Tongue
Press: ? - help, Shift-Dir - straight line, f - kobold
Aim: a kobold, wielding a dagger (heavily wounded)
You miscast Flame Tongue.
You are very lightly contaminated with residual magic.
Lukewarm flames ripple over your body.
Casting: Flame Tongue
Confirm with . or Enter, or press ? or * to list all spells.
Aiming: Flame Tongue
Press: ? - help, Shift-Dir - straight line, f/p - kobold
Aim: a kobold, wielding a dagger (heavily wounded)
The flame tongue misses the kobold.
You see here a dagger.
Your magical contamination has completely faded away.
You barely miss the kobold. Your grab misses the kobold.
The kobold is moderately wounded.
The kobold hits you with a dagger.
You die...

.... .# #...#
# ##...
#...####
#####
#.>.....
##..#### #..#
#..# ########
#..# #......#
#..# #@####.#
##..# #K#
#.####...####
########.##
#............
# ..........#
######.#.####
###
########..#
#.#.# .. #..#
#.#.# .# #..#
#.#.# .# #..#
#.#.# .##
##..# #.#.


You could see a kobold.

Vanquished Creatures
  2 giant geckos (D:1)
  4 bats (D:1)
  3 giant cockroaches (D:1)
  A goblin (D:1)
  5 hobgoblins (D:1)
  A kobold (D:1)
  2 ball pythons (D:1)
  2 giant newts (D:1)
  3 rats (D:1)
23 creatures vanquished.

Notes
Turn   | Place    | Note
--------------------------------------------------------------
     0 | D:1      | Ratboiler, the Octopode Fire Elementalist, began the quest for the Orb.
     0 | D:1      | Reached XP level 1. HP: 11/11 MP: 3/3
   109 | D:1      | Reached XP level 2. HP: 10/17 MP: 1/4
   443 | D:1      | Learned a level 2 spell: Throw Flame
   774 | D:1      | Reached XP level 3. HP: 18/21 MP: 6/6
   840 | D:1      | HP: 1/21 [kobold/dagger (2)]
   869 | D:1      | Slain by a kobold

Action                   || total
-------------------------++-------
Melee: Unarmed           ||    48
 Cast: Flame Tongue      ||    19
  Use: Scroll            ||     2
 Stab: Sleeping          ||     3
